 Dungeon Crawl Stone Soup version 0.26-a0-451-gacbe401039 (webtiles) character file.

Game seed: 10529573478583287160

697 MrRokkomies the Skirmisher (level 7, -10/60 HPs)
             Began as a Palentonga Delver on July 28, 2020.
             Was an Initiate of Cheibriados.
             Mangled by a small abomination (17 damage)
             ... on level 2 of the Abyss.
             The game lasted 00:12:52 (4344 turns).

MrRokkomies the Skirmisher (Palentonga Delver)      Turns: 4344, Time: 00:12:53

Health: -10/60     AC: 10    Str: 12    XL:     7   Next: 37%
Magic:  7/7        EV:  4    Int: 13    God:    Cheibriados [......]
Gold:   280        SH:  0    Dex: 13    Spells: 6/6 levels left

rFire    + . .     SeeInvis +   a - +1 war axe (vorpal)
rCold    . . .     Faith    .   (no shield)
rNeg     . . .     Spirit   .   i - +2 chain mail {MR+}
rPois    .         Reflect  .   x - +0 helmet
rElec    .         Harm     .   (no cloak)
rCorr    .                      (no gloves)
MR       +....                  (boots restricted)
Stlth    ..........             (no amulet)
HPRegen  0.20/turn              y - ring of protection from fire (curse)
MPRegen  0.10/turn              (no ring)

@: very slow
A: large, rugged brown scales 3, see invisible, deformed body, [weak 2], roll,
armoured tail
a: Rolling Charge, Bend Time, Renounce Religion


You were on level 2 of the Abyss.
You worshipped Cheibriados.
Cheibriados was noncommittal.
You visited 2 branches of the dungeon, and saw 6 of its levels.
You visited the Abyss 1 time.

You collected 280 gold pieces.

Inventory:

Hand Weapons
 a - a +1 vorpal war axe (weapon)
 b - a +0 hunting sling of flaming
 j - a +0 mace
Missiles
 h - 81 sling bullets
 o - 158 stones (quivered)
 B - 8 silver boomerangs
Armour
 i - a +2 chain mail of magic resistance (worn)
 n - a +0 leather armour
 x - a +0 helmet (worn)
Jewellery
 y - a cursed ring of protection from fire (left hand)
Wands
 f - a wand of flame (16)
 g - a wand of digging (3)
 q - a wand of acid (8)
 r - a wand of iceblast (16)
Scrolls
 c - 3 scrolls of fog
 d - a scroll of magic mapping
 e - 3 scrolls of fear
 k - 2 scrolls of teleportation
 p - 4 scrolls of identify
 s - 2 scrolls of remove curse
 w - a scroll of amnesia
 C - a scroll of enchant armour {unknown}
Potions
 l - 2 potions of heal wounds
 m - 2 potions of cancellation
 t - a potion of lignification
 u - a potion of might
 v - a potion of flight
 z - a potion of curing
 A - a potion of magic


   Skills:
 * Level 5.7 Fighting
 * Level 4.7(5.0) Axes
 - Level 2.0(3.6) Maces & Flails
 + Level 3.2 Dodging
 - Level 3.3 Stealth
 + Level 1.7 Evocations


You had 6 spell levels left.
You didn't know any spells.
Your spell library was empty.

Dungeon Overview and Level Annotations

Branches:
Dungeon (5/15)             Temple (1/1) D:4

Altars:
Ashenzari
Cheibriados
Dithmenos
Elyvilon
Fedhas
Gozag
Hepliaklqana
Kikubaaqudgha
Makhleb
Nemelex Xobeh
Okawaru
Qazlal
Ru
Sif Muna
Trog
Uskayaw
Vehumet
Wu Jian
Xom
Yredelemnul
Zin

Annotations:
D:5 Eustachio


Innate Abilities, Weirdness & Mutations

You are completely covered in rugged brown scales. (AC +3, +7% HP)
You have supernaturally acute eyesight. (SInv)
Armour fits poorly on your strangely shaped body.
You can roll at foes to attack.
You have a long armoured tail.
[You are very weak. (Str -4)]


Message History

The small abomination hits you but does no damage. x2
You hit the small abomination but do no damage.
The small abomination is heavily damaged.
The small abomination hits you! x2
* * * LOW HITPOINT WARNING * * *
You slash the small abomination!
The small abomination is almost destroyed.
The small abomination hits you!
* * * LOW HITPOINT WARNING * * *
The wretched star pulses with an eldritch light!
You feel weaker. x2
The small abomination hits you but does no damage.
You feel much better.
The small abomination barely misses you.
You hit the small abomination but do no damage.
The small abomination is almost destroyed.
The small abomination hits you!
* * * LOW HITPOINT WARNING * * *
The small abomination hits you!
You die...

#####. #... .#
.. ... ## ...
..## ..# .#
#... ..# # #.
.#.##.# #.#
#.#.#...##
....#..#..*..#
#.#...#...####
#..###.@##...#
#. #.#x.#.#.#
## # #....._#
##..#
##......##..#
#..#...#..##
###.#.##.##
#### ###.##
###. # #. .##
##.. ...
....##. ##.###
.##


You could see a wretched star and a small abomination.

Vanquished Creatures
  A sky beast (D:4)
  An ogre (D:4)
  6 orc priests
  2 hounds
  An orc wizard (D:3)
  Ijyb (D:3)
  Terence (D:2)
  Robin (D:2)
  4 adders
  3 shadow imps
  An ooze (D:5)
  6 worms
  4 leopard geckos
  13 orcs
  5 bats
  16 giant cockroaches
  12 goblins
  5 hobgoblins
  13 jackals
  8 kobolds
  A ball python (D:1)
  2 frilled lizards
  5 rats
112 creatures vanquished.

Notes
Turn   | Place    | Note
-------+----------+-------------------------------------------
     0 | D:5      | MrRokkomies the Palentonga Delver began the quest for the
                  | Orb.
     0 | D:5      | Reached XP level 1. HP: 19/19 MP: 1/1
   194 | D:4      | Reached skill level 1 in Axes
   194 | D:4      | Reached XP level 2. HP: 24/25 MP: 2/2
   300 | D:4      | Noticed a sky beast
   302 | D:3      | Noticed Ijyb
   313 | D:3      | Killed Ijyb
   313 | D:3      | Reached XP level 3. HP: 10/31 MP: 3/3
   768 | D:3      | Reached XP level 4. HP: 26/39 MP: 4/4
   774 | D:3      | Reached skill level 4 in Fighting
  1728 | D:2      | Reached XP level 5. HP: 35/44 MP: 5/5
  1977 | D:2      | Noticed Robin
  1993 | D:2      | Killed Robin
  2183 | D:2      | Noticed Terence
  2192 | D:2      | Killed Terence
  2660 | D:4      | Killed a sky beast
  2660 | D:4      | Reached XP level 6. HP: 53/53 MP: 6/6
  2764 | D:4      | Found a transporter.
  2799 | D:4      | Reached skill level 5 in Fighting
  3000 | D:4      | Reached skill level 1 in Evocations
  3135 | D:4      | Found a transporter.
  3246 | D:4      | Found a staircase to the Ecumenical Temple.
  3256 | Temple   | Entered the Ecumenical Temple
  3517 | Temple   | Became a worshipper of Cheibriados the Contemplative
  3686 | D:4      | Reached XP level 7. HP: 59/59 MP: 7/7
  4235 | D:5      | Noticed Eustachio
  4242 | D:5      | Cast into level 2 of the Abyss (Eustachio)
  4253 | Abyss:2  | Found a corrupted altar of Lugonu.
  4336 | Abyss:2  | Found a corrupted altar of Lugonu.
  4341 | Abyss:2  | Noticed a wretched star
  4342 | Abyss:2  | HP: 1/60 [small abomination (14)]
  4344 | Abyss:2  | Mangled by a small abomination

Illustrated notes

Levels and vault maps discovered:
D:1:      erik_arrival_orb_chamber, layout_loops_cross
D:2:      layout_loops_cross, uniq_robin, uniq_terence
D:3:      minmay_roachtagon, layout_basic, uniq_ijyb
D:4:      gammafunk_wand_slinger, layout_loops_ring,
          minmay_temple_entry_proselytizer
D:5:      layout_loops_ring, cheibrodos_sewer_entry_bend, uniq_eustachio
Temple:   roderic_octagonal_lattice_temple
Abyss:2:  base:
D:2

Skill      XL: |  1  2  3  4  5  6 |
---------------+-------------------+-----
Axes           | 1 2 3 4 |  4.7
Dodging        | 2 3 |  3.2
Fighting       | 4 5 |  5.7
Evocations     | 1 |  1.7
Maces & Flails | |  2.0
Stealth        | |  3.3

Action                   |  1- 3 |  4- 6 |  7- 9 || total
-------------------------+-------+-------+-------++-------
Melee: War axe           |    43 |   175 |    37 ||   255
       Tailslap          |     5 |    20 |     5 ||    30
 Fire: Hunting sling     |       |    56 |       ||    56
Throw: Throwing net      |     1 |       |       ||     1
 Abil: Rolling Charge    |       |       |     3 ||     3
Evoke: Wand              |     4 |       |       ||     4
  Use: Potion            |     1 |     2 |     1 ||     4
       Scroll            |       |    12 |     1 ||    13
Armor: Chain mail        |    52 |   161 |    26 ||   239
Dodge: Dodged            |    23 |    45 |    10 ||    78

Table legend: (Time is in decaauts)
 A = Elapsed time spent in this place.
 B = Non-inter-level travel time spent in this place.
 C = Inter-level travel time spent in this place.
 D = Time resting spent in this place.
 E = Time spent auto-exploring this place.
 F = Levels seen in this place.
 G = Mean time per level.
                   A        B        C        D        E       F      G
               +--------+--------+--------+--------+--------+-----+--------+
         Total |   4614 |   4453 |    161 |    947 |   2751 |   7 |  659.1 |
       Dungeon |   4200 |   4069 |    131 |    947 |   2386 |   5 |  840.0 |
        Temple |    291 |    261 |     30 |      0 |    256 |   1 |  291.0 |
         Abyss |    122 |    122 |      0 |      0 |    109 |   1 |  122.0 |
               +--------+--------+--------+--------+--------+-----+--------+

Top non-repeatable levels by time:
     D:4: 1311 daAuts
     D:3: 1044 daAuts
     D:2: 817 daAuts
     D:1: 527 daAuts
     D:5: 500 daAuts
  Temple: 291 daAuts
 Abyss:2: 122 daAuts
